 Dungeon Crawl Stone Soup version 0.25-a0-603-g0321be95db (webtiles) character file.

Game seed: 4955851920234373746, levelgen mode: deterministic

52 An17 the Skirmisher (level 3, 35/35 HPs)
             Began as a Gnoll Wanderer on Mar 16, 2020.
             Got out of the dungeon alive.
             The game lasted 00:03:09 (956 turns).

An17 the Skirmisher (Gnoll Wanderer)                 Turns: 956, Time: 00:03:09

Health: 35/35      AC: 14    Str: 16    XL:     3   Next: 85%
Magic:  4/4        EV:  5    Int: 16    God:
Gold:   76         SH:  0    Dex: 11    Spells: 3/3 levels left

rFire    . . .     SeeInvis .   a - +3 mace
rCold    . . .     Gourm    .   (no shield)
rNeg     . . .     Faith    .   l - +0 plate armour
rPois    .         Spirit   .   g - +1 hat
rElec    .         Reflect  .   j - +0 cloak
rCorr    .         Harm     .   (no gloves)
MR       .....                  (no boots)
Stlth    ..........             (no amulet)
HPRegen  0.11/turn              (no ring)
MPRegen  0.09/turn              (no ring)

@: no status effects
A: distributed training, fangs 1, strong nose
a: no special abilities


You escaped.
You were not hungry.

You visited 1 branch of the dungeon, and saw 2 of its levels.

You collected 76 gold pieces.

Inventory:

Hand Weapons
 a - a +3 mace (weapon)
Missiles
 c - 25 poisoned darts (quivered)
 n - 8 atropa-tipped darts
Armour
 g - a +1 hat (worn)
 j - a +0 cloak (worn)
 l - a +0 plate armour (worn)
Potions
 b - a potion of mutation {unknown}
 e - 2 potions of curing {unknown}
 h - a potion of resistance
 i - a potion of might {unknown}
 k - a potion of degeneration {unknown}
 m - a potion of ambrosia {unknown}
 o - a potion of cancellation {unknown}
Comestibles
 f - 7 rations


   Skills:
 + Level 6.5 Fighting
 + Level 0.9 Short Blades
 + Level 0.9 Long Blades
 + Level 0.9 Axes
 + Level 4.5 Maces & Flails
 + Level 0.9 Polearms
 + Level 0.9 Staves
 + Level 0.9 Slings
 + Level 0.9 Bows
 + Level 2.6 Crossbows
 + Level 2.6 Throwing
 + Level 4.5 Armour
 + Level 0.9 Dodging
 + Level 0.9 Stealth
 + Level 2.6 Shields
 + Level 0.9 Unarmed Combat
 + Level 0.9 Spellcasting
 + Level 0.6 Conjurations
 + Level 0.6 Hexes
 + Level 0.6 Charms
 + Level 0.6 Summonings
 + Level 0.6 Necromancy
 + Level 0.6 Translocations
 + Level 0.6 Transmutations
 + Level 0.6 Fire Magic
 + Level 0.6 Ice Magic
 + Level 0.6 Air Magic
 + Level 0.6 Earth Magic
 + Level 0.6 Poison Magic
 + Level 1.0 Invocations
 + Level 0.9 Evocations


You had 3 spell levels left.
You didn't know any spells.
Your spell library contained the following spells:

 Spells                   Type           Power        Failure   Level  Hunger
 Confusing Touch          Hex            #.......     100%        3    ####...
 Gell's Gravitas          Tloc           #.........   100%        3    ####...
 Petrify                  Tmut/Erth      #.......     100%        4    #####..
 Metabolic Englaciation   Hex/Ice        #.........   100%        5    ######.
 Yara's Violent Unravell  Hex/Tmut       #.........   100%        5    ######.


Dungeon Overview and Level Annotations

Branches:
Dungeon (2/15)

Altars:
Ashenzari


Innate Abilities, Weirdness & Mutations

Your experience applies equally to all skills.
You have very sharp teeth.
Your uncanny sense of smell can sniff out nearby items.


Message History

You pick up a book of Misfortune and begin reading...
You add the spells Confusing Touch, Gell's Gravitas, Petrify, Metabolic Englaciation and Yara's Violent Unravelling to your library.
Okay, then.
Found 22 stones.
d - a scroll labeled WOCLOTHEVO
As you read the scroll labeled WOCLOTHEVO, it crumbles to dust.
You feel blessed for a moment.
It was a scroll of remove curse.
Unknown command.
You see here a leather armour.
Found a stone staircase leading up.
There is a stone staircase leading up here.
You can't go down here!
You climb upwards.
There is a stone staircase leading down here.
You can't go up here!
You see here a +0 club.
There is an open door here.
There is a staircase leading out of the dungeon here.
Are you sure you want to leave the Dungeon?
This will make you lose the game!
You have escaped!

.#####....# #.....# #..........
.....#.##.# #†#.#.#####.#.#####..
.###.#.##.# #.#.#.......#.# #..
.......##.###.#.#########.#####..
.................................
................##########.#####.
#...#.########### #.......# #.
..#[#.############ #.......## #.
#.#.#.##.'P≈.≈≈#@# #.(......# #.
#.....##.#.≈≈.≈#.# #........## #.
########.#...≈≈#.# #.....)...###.
####.#≈P....P# #####.........
#....#P≈≈..≈≈# #.###..###
##.##.#≈≈..≈≈≈#######.......#.
#.....#≈.≈P≈≈≈##............#.
#..#############............#.
#......# #............#.


There were no monsters in sight!

Vanquished Creatures
  An adder (D:2)
  An ooze (D:2)
  A worm (D:2)
  A dart slug (D:1)
  A leopard gecko (D:1)
  3 giant cockroaches
  3 goblins (D:1)
  A hobgoblin (D:2)
  3 jackals (D:1)
  4 kobolds (D:1)
  6 bats
  4 frilled lizards
  4 rats
33 creatures vanquished.

Notes
Turn   | Place    | Note
-------+----------+-------------------------------------------
     0 | D:1      | An17 the Gnoll Wanderer began the quest for the Orb.
     0 | D:1      | An17 set off with the following items: a +2 mace, a +0 hand
                  | axe, 12 poisoned darts, a +0 dagger, a +0 robe, a ration
     0 | D:1      | Reached XP level 1. HP: 23/23 MP: 1/1
    96 | D:1      | Reached XP level 2. HP: 22/29 MP: 2/2
   290 | D:1      | Reached XP level 3. HP: 34/35 MP: 3/3
   695 | D:2      | Found a shattered altar of Ashenzari.
   711 | D:2      | Reached skill level 1 in Invocations
   956 | D:$      | Got out of the dungeon alive.

Levels and vault maps discovered:
D:1:      lightli_arrival_flooded_house, layout_basic, st_stairs_9
D:2:      layout_loops_ring, ashenzari_conservatory_becter, first_ration,
          corexii_shack, kennysheep_nondescript, minmay_strange_pillars,
          kennysheep_nub

Skill      XL: |  1  2  3 |
---------------+----------+-----
Invocations    | 1 |  1.0
Fighting       | |  6.5
Short Blades   | |  0.9
Long Blades    | |  0.9
Axes           | |  0.9
Maces & Flails | |  4.5
Polearms       | |  0.9
Staves         | |  0.9
Slings         | |  0.9
Bows           | |  0.9
Crossbows      | |  2.6
Throwing       | |  2.6
Armour         | |  4.5
Dodging        | |  0.9
Stealth        | |  0.9
Shields        | |  2.6
Unarmed Combat | |  0.9
Spellcasting   | |  0.9
Conjurations   | |  0.6
Hexes          | |  0.6
Charms         | |  0.6
Summonings     | |  0.6
Necromancy     | |  0.6
Translocations | |  0.6
Transmutations | |  0.6
Fire Magic     | |  0.6
Ice Magic      | |  0.6
Air Magic      | |  0.6
Earth Magic    | |  0.6
Poison Magic   | |  0.6
Evocations     | |  0.9

Action                   || total
-------------------------++-------
Melee: Mace              ||    72
       Bite              ||     3
  Use: Scroll            ||     6
Armor: Robe              ||    13
       Plate armour      ||    38
Dodge: Dodged            ||    35

Table legend:
 A = Non-vault XP
 B = Vault XP
 C = Vault XP percentage of total XP
 D = Non-vault monster count
 E = Vault monster count
 F = Vault count percentage of total count
                 A         B        C        D         E       F
            +---------+---------+-------+---------+---------+-------
      Total |      72 |       3 |   4.0 |      31 |       2 |   6.1
            +---------+---------+-------+---------+---------+-------
        D:1 |      33 |       3 |   8.3 |      19 |       2 |   9.5
        D:2 |      39 |       0 |   0.0 |      12 |       0 |   0.0
            +---------+---------+-------+---------+---------+-------
